Map: Port Aleksander LE

Players

HellraiseR - Winner!

  • Race: Protoss Protoss
  • League: Master
  • Spawn Location: 11:00

IIIIIIIIIII

  • Race: Protoss Protoss
  • League: Grandmaster
  • Spawn Location: 5:00

VOD

Have the link to the VOD?

Description

Time

  • Played on: March 10, 2019, 1:17 a.m.
  • Length: 8:27
Show
View Real Time Build Order
Export as new Build Order

HellraiseR Protoss - Winner!

Build Orders: Phoenix Opening, Blink Stalkers 

Get SALT Encoding   

  12  0:01  Probe  
  13  0:13  Probe  
  14  0:19  Pylon  
  14  0:22  Probe  
  15  0:33  Probe  
  15  0:38  Gateway  
  16  0:44  Probe  
  16  0:47  Assimilator  
  17  0:54  Probe  
  18  0:57  Assimilator  
  18  1:02  Probe  
  18  1:10  Gateway, Probe  
  20  1:22  Probe  
  21  1:26  Cybernetics Core  
  21  1:34  Probe  
  21  1:37  Pylon  
  22  1:46  Probe  
  23  1:58  Probe  
  24  2:04  Stalker, Sentry  
  24  2:07  Warp Gate  
  28  2:11  Probe  
  28  2:12  Pylon  
  29  2:30  Stalker  
  29  2:34  Stalker  
  32  2:39  Phoenix  
  32  2:53  Probe  
  33  3:00  Stalker  
  35  3:07  Nexus  
  35  3:11  Probe  
  36  3:22  Sentry  
  36  3:23  Probe  
  36  3:24  Pylon  
  39  3:42  Probe, Twilight Council  
  40  3:50  Probe  
  41  3:56  Blink  
  41  3:58  Stalker x2  
  41  3:59  Probe  
  45  4:08  Probe  
  45  4:09  Pylon  
  46  4:15  Probe  
  46  4:16  Probe  
  47  4:23  Probe  
  49  4:24  Probe  
  51  4:33  Probe  
  51  4:35  Probe  
  52  4:40  Stalker  
  52  4:44  Stalker  
  56  4:45  Probe  
  56  4:48  Probe  
  56  4:52  Robotics Facility  
  58  4:58  Probe  
  59  5:00  Probe  
  59  5:05  Stalker  
  62  5:09  Stalker  
  62  5:10  Probe  
  62  5:12  Probe  
  66  5:17  Assimilator  
  66  5:23  Gateway  
  66  5:25  Gateway  
  66  5:32  Probe x2  
  66  5:38  Gateway  
  66  5:39  Gateway, Observer  
  66  5:42  Gateway  
  67  5:44  Probe  
  67  5:45  Pylon  
  68  5:50  Resonating Glaives  
  68  5:56  Gateway  
  68  6:04  Warp Prism  
  68  6:07  Adept x2  
  74  6:13  Pylon  
  74  6:26  Adept x2  
  74  6:29  Pylon x2  
  78  6:35  Adept x3  
  78  6:36  Adept  
  83  7:12  Adept x8  
  99  7:17  Pylon  
  99  7:18  Pylon  
  91  7:34  Adept x6  
  87  7:44  Adept x2  
  75  7:57  Stalker  
  75  7:58  Stalker x3  
  79  8:06  Sentry x2, Adept x2  
  79  8:09  Probe  
  82  8:25  Adept x4  
Show
View Real Time Build Order
Export as new Build Order

IIIIIIIIIII Protoss 

Build Orders: Oracle Opening 

Get SALT Encoding   

  12  0:01  Probe  
  13  0:15  Probe  
  13  0:18  Pylon  
  14  0:26  Probe  
  15  0:34  Probe  
  15  0:39  Gateway  
  15  0:42  Probe  
  16  0:49  Assimilator  
  17  0:53  Probe  
  18  0:58  Assimilator  
  18  1:05  Probe  
  19  1:12  Gateway  
  19  1:17  Probe  
  20  1:26  Cybernetics Core  
  20  1:29  Probe  
  21  1:35  Pylon  
  21  1:41  Probe  
  22  1:53  Probe  
  23  1:56  Stalker x2  
  23  2:05  Warp Gate  
  27  2:18  Pylon  
  27  2:23  Stalker x2  
  30  2:52  Probe  
  30  2:56  Stargate  
  31  3:01  Pylon  
  31  3:15  Nexus  
  31  3:31  Oracle  
  34  3:55  Probe  
  35  3:57  Pylon  
  35  3:59  Robotics Facility, Oracle  
  35  4:08  Probe  
  39  4:24  Shield Battery  
  39  4:26  Probe  
  39  4:29  Probe  
  41  4:38  Probe x2  
  43  4:46  Probe  
  43  4:47  Immortal  
  43  4:50  Probe  
  49  4:55  Probe  
  49  4:59  Forge  
  50  5:02  Probe  
  50  5:06  Probe  
  52  5:14  Probe x2  
  52  5:18  Pylon  
  54  5:22  Probe  
  54  5:23  Pylon  
  54  5:26  Probe  
  54  5:27  Immortal, Protoss Ground Weapons Level 1  
  60  5:35  Assimilator  
  60  5:36  Assimilator, Probe  
  60  5:38  Sentry  
  60  5:40  Sentry  
  60  5:41  Probe  
  66  5:48  Probe  
  67  5:52  Gateway  
  67  5:53  Probe  
  67  5:56  Gateway  
  68  6:01  Gateway  
  68  6:05  Probe  
  68  6:07  Gateway  
  69  6:14  Twilight Council  
  69  6:16  Observer  
  70  6:19  Probe x2  
  70  6:24  Gateway  
  72  6:35  Gateway  
  72  6:39  Warp Prism  
  74  6:43  Zealot x2  
  78  7:03  Pylon  
  78  7:05  Pylon  
  78  7:13  Pylon  
  78  7:19  Templar Archives  
  78  7:20  Pylon  
  78  7:21  Pylon  
  72  7:34  Zealot x2  
  72  7:35  Zealot x2  
  72  7:36  Adept x3  
  73  7:46  Probe x2  
  71  7:55  Zealot x2  
  71  8:01  Adept  
  65  8:12  Zealot x2  
  69  8:15  Zealot  
Tags
 
Add a new tag
Caveats
  • Supply blocks, unpowered buildings, or Contaminate may cause inaccurate times.
  • Supply counts are checked every 10 seconds.